 Dungeon Crawl Stone Soup version 0.30.0-18-gc0e69614cb (webtiles) character file.

Game seed: 3248184309264376287

28 hawla the Gusty (level 3, -2/26 HPs)
             Began as a Meteoran Air Elementalist on May 25, 2023.
             Slain by an ogre
             ... wielding a +0 giant club
              (28 damage)
             ... on level 4 of the Dungeon.
             The game lasted 00:03:03 (647 turns).

hawla the Gusty (Meteoran Air Elementalist)          Turns: 647, Time: 00:03:04

Health: -2/26      AC:  2    Str:  9    XL:     3   Next: 47%
Magic:  4/8        EV: 12    Int: 19    God:
Gold:   73         SH:  0    Dex: 14    Spells: 5/8 levels left

rFire   . . .        (no weapon)
rCold   . . .        (no shield)
rNeg    . . .        a - +0 robe
rPois   .            (no helmet)
rElec   .            (no cloak)
rCorr   .            (no gloves)
SInv    .            (no boots)
Will    .....        (no amulet)
Stlth   +            (no ring)
HPRegen 0.24/turn    (no ring)
MPRegen 0.11/turn

%: no passive effects
@: glowing
A: sense surroundings 1, otherworldly, glowing, explore regen
a: no special abilities


You were on level 4 of the Dungeon.
You visited 1 branch of the dungeon, and saw 5 of its levels.

You collected 73 gold pieces.

Inventory:

Armour
 a - a +0 robe (worn)
Scrolls
 d - a scroll of enchant armour {unknown}
 e - a scroll of vulnerability {unknown}
 i - a scroll of enchant weapon {unknown}
Potions
 b - a potion of magic
 c - 3 potions of attraction {unknown}
 f - a potion of haste {unknown}
 g - a potion of heal wounds {unknown}
 h - a potion of curing {unknown}


   Skills:
 + Level 2.8 Dodging
 - Level 1.4 Stealth
 + Level 3.0 Spellcasting
 + Level 1.7 Conjurations
 + Level 4.3 Air Magic


You had 5 spell levels left.
You knew the following spells:

 Your Spells              Type           Power      Damage    Failure   Level
a - Shock                 Conj/Air       56%        1d6       4%          1
b - Static Discharge      Conj/Air       28%        2-4/arc   6%          2

Your spell library contained the following spells:

 Spells                   Type           Power      Damage    Failure   Level
 Swiftness                Air            19%        N/A       8%          3
 Cigotuvi's Dreadful Rot  Necr/Pois/Air  16%        N/A       13%         2
 Airstrike                Air            9%         2d(2-18)  26%         4
 Ignite Poison            Fire/Tmut/Pois 2%         N/A       41%         3
 Freezing Cloud           Conj/Ice/Air   5%         6-21      88%         5


Dungeon Overview and Level Annotations

Branches:
Dungeon (5/15) Zot: 2352
 Temple: D:4-7

Altars:
Sif Muna


Innate Abilities, Weirdness & Mutations

You passively map a small area around you.
You are easily found by Zot.
You glow in the dark.
You regain HP and MP as you explore.


Message History

Confirm with . or Enter, or press ? or * to list all spells.
Aiming: Shock (safe; 4% risk of failure)
Press: ? - help, Shift-Dir - straight line, f - ogre
Aim: an ogre, wielding a +0 giant club (wandering, hasn't noticed you, 86% to hit)
The zap hits the ogre.
The ogre is moderately wounded.
The ogre shouts!
The zap hits the ogre.
The ogre is heavily wounded.
Casting: Shock (safe; 4% risk of failure)
Confirm with . or Enter, or press ? or * to list all spells.
Aiming: Shock (safe; 4% risk of failure)
Press: ? - help, Shift-Dir - straight line, f/p - ogre
Aim: an ogre, wielding a +0 giant club (heavily wounded, 86% to hit)
The zap hits the ogre.
The ogre is severely wounded.
Unknown command.
Casting: Shock (safe; 4% risk of failure)
Confirm with . or Enter, or press ? or * to list all spells.
You can't see any susceptible monsters within range! (Use Z to cast anyway.)
Casting: Shock (safe; 4% risk of failure)
Confirm with . or Enter, or press ? or * to list all spells.
Aiming: Shock (safe; 4% risk of failure)
Press: ? - help, Shift-Dir - straight line, f/p - ogre
Aim: an ogre, wielding a +0 giant club (severely wounded, 86% to hit)
The zap hits the ogre.
The ogre is severely wounded.
The zap hits the ogre.
The ogre is severely wounded.
Casting: Shock (safe; 4% risk of failure)
Confirm with . or Enter, or press ? or * to list all spells.
The ogre is struck by an arc of lightning.
The ogre is severely wounded.
You are struck by an arc of lightning.
The ogre is struck by an arc of lightning.
The ogre is almost dead.
The lightning grounds out.
The ogre hits you with a +0 giant club!!
Ouch! That really hurt!
You die...

.## #.#####.# * *, * * *
## #)# #.# #.#####.#
#.....#.# * ' #
#.###.#.# ## #.###.#.# *
,, .## #.......# # #
.)####....########.#...#
..'.............@O......
,
..####...#.#######.#...#
.## ##.##.# ,.. # * ##
####.# , .# # #.# * #
#.# ##########.# ,, ,
.........#.# * *
.#######.#.# , *


You could see an ogre.

Vanquished Creatures
  An adder (D:4)
  4 orcs (D:4)
  2 endoplasms
  A giant cockroach (D:3)
  A hobgoblin (D:3)
  3 kobolds
12 creatures vanquished.

Notes
Turn   | Place    | Note
-------+----------+-------------------------------------------
     0 | D:1      | hawla the Meteoran Air Elementalist began the quest for the
                  | Orb.
     0 | D:1      | Reached XP level 1. HP: 14/14 MP: 5/5
   162 | D:3      | Found a shimmering blue altar of Sif Muna.
   173 | D:3      | Reached XP level 2. HP: 20/20 MP: 1/6
   176 | D:3      | Learned a level 2 spell: Static Discharge
   216 | D:4      | Reached skill level 4 in Air Magic
   390 | D:5      | Entered Level 5 of the Dungeon
   518 | D:4      | Reached XP level 3. HP: 10/26 MP: 2/8
   643 | D:4      | Noticed an ogre
   647 | D:4      | Slain by an ogre

Illustrated notes

Levels and vault maps discovered:
D:1:      dpeg_arrival_shrine, layout_basic, roderic_lattice_a
D:2:      layout_loops_ring, nrook_uturn, nicolae_concentric_dashed_squares_wild
D:3:      layout_basic, mainiacjoe_overflow_alcove_4,
          mainiacjoe_overflow_alcove_3, nicolae_qazlal_beasts_of_the_sky
D:4:      layout_loops_corners
D:5:      layout_loops_corners, mainiacjoe_overflow_boulevard,
          mainiacjoe_overflow_brackets, uniq_grinder

Skill      XL: |  1  2 |
---------------+-------+-----
Air Magic      | 4 |  4.3
Spellcasting   | 3 |  3.0
Dodging        | |  2.8
Stealth        | |  1.4
Conjurations   | |  1.7

Action                     || total
---------------------------++-------
  Melee: Unarmed           ||     4
   Cast: Shock             ||    28
         Static Discharge  ||     7
 Armour: Robe              ||     8
  Dodge: Dodged            ||    14
